 Dungeon Crawl Stone Soup version 0.29-a0-582-ge82337ba6a (webtiles) character file.

Game seed: 10786203655713012595

188 wingedge the Skirmisher (level 5, 0/37 (43) HPs)
             Began as a Demonspawn Abyssal Knight on June 14, 2022.
             Was a Believer of Lugonu.
             Slain by Edmund
             ... wielding a +5 flail of draining
              (1 damage)
             ... on level 4 of the Dungeon.
             The game lasted 00:11:16 (3775 turns).

wingedge the Skirmisher (Demonspawn Abyssal Knight) Turns: 3775, Time: 00:11:16

HP:   0/37 (43)     AC:  7    Str: 15    XL:     5   Next: 39%
MP:   6/7           EV: 10    Int: 14    God:    Lugonu [**....]
Gold: 230           SH:  0    Dex: 13    Spells: 4/4 levels left

rFire   . . .      SeeInvis .   a - +1 spear
rCold   . . .      Faith    .   (no shield)
rNeg    . . .      Spirit   .   f - +0 ring mail
rPois   .          Reflect  .   (no helmet)
rElec   .          Harm     .   k - +0 cloak
rCorr   +          Rampage  .   (no gloves)
Will    .....                   b - +0 pair of boots
Stlth   +.........              (no amulet)
HPRegen 0.12/turn               n - ring of resist corrosion
MPRegen 0.20/turn               (no ring)

@: heavily drained
A: foul stench 1, magic regeneration, big brain 1, demonic touch 1
a: Renounce Religion, Depart the Abyss, Bend Space


You were on level 4 of the Dungeon.
You worshipped Lugonu.
Lugonu was pleased with you.
You visited 1 branch of the dungeon, and saw 4 of its levels.
You visited the Abyss 1 time.

You collected 230 gold pieces.

Inventory:

Hand Weapons
 a - a +1 spear (weapon)
 d - a +0 hunting sling
Armour
 b - a +0 pair of boots (worn)
 f - a +0 ring mail (worn)
 k - a +0 cloak (worn)
 u - a +0 scale mail
Jewellery
 n - a ring of resist corrosion (left hand)
Scrolls
 l - a scroll of immolation
 m - a scroll of magic mapping
 q - a scroll of enchant armour {unknown}
 r - a scroll of amnesia {unknown}
 s - 2 scrolls of identify {unknown}
 t - a scroll of teleportation {unknown}
Potions
 c - a potion of ambrosia {unknown}
 e - a potion of resistance {unknown}
 g - a potion of curing
 h - 2 potions of heal wounds {unknown}
 i - a potion of lignification {unknown}
 j - a potion of invisibility {unknown}
 o - a potion of flight {unknown}
 p - 2 potions of attraction {unknown}


   Skills:
 + Level 4.6 Fighting
 + Level 3.6 Polearms
 + Level 2.0 Armour
 - Level 1.0 Dodging
 - Level 3.0 Invocations


You had 4 spell levels left.
You didn't know any spells.
Your spell library was empty.

Dungeon Overview and Level Annotations

Branches:
Dungeon (4/15)             Temple (0/1) D:4

Altars:
Cheibriados
Elyvilon
Fedhas
Makhleb

Annotations:
D:4 Edmund


Innate Abilities, Weirdness & Mutations

You may rarely emit foul miasma when damaged in melee.
You regenerate magic rapidly.
You have an unusually large brain. (Int +2)
Your touch may inflict minor irresistible damage on your foes.


Message History

You kill the endoplasm!
Lugonu accepts your kill.
Found a staircase to the Ecumenical Temple.
Edmund the Younger comes into view.
He is wielding a +5 flail of draining.
Edmund is nearby!
You closely miss Edmund. Edmund misses you.
You hit Edmund.
Edmund is lightly wounded.
Edmund hits you with a +5 flail of draining!
You feel drained.
You hit Edmund but do no damage.
Edmund is lightly wounded.
Edmund hits you with a +5 flail of draining!
You feel drained.
You barely miss Edmund.
Edmund is lightly wounded.
Edmund hits you with a +5 flail of draining.
You feel drained.
Okay, then.
You hit Edmund.
Edmund is lightly wounded.
Edmund hits you with a +5 flail of draining.
You feel drained. Space bends violently around you!
You blink.
You enter a dispersal trap!
Edmund blinks! x2; The orc blinks!
You blink.
A quokka comes into view.
The orc shouts!
An orc priest comes into view. It is wielding a +0 club.
An orc comes into view. It is wielding a +0 short sword.
The orc shouts!
You hear a shout!
Space bends violently around you!
You blink.
You enter a dispersal trap!
You blink.
A jelly comes into view.
Found a scroll labelled ZEWI JIFYBUSE.
Edmund blinks!
A dart slug comes into view.
Found a scroll labelled ADEGADU PUWID.
Edmund hits you with a +5 flail of draining!
* * * LOW HITPOINT WARNING * * *
You feel drained.
You die...

... #. #.# ......#? #.#
...w..#. #############.#
......#.##.............#
#...#.#.........########
.........#...##..#
#........#.#.ยง#.#
##.##..#J.#....#.#
.......@##...^#..#
##.#....@..>.....#
#....#...r##..#
##?.#....#oo#.#
##.#..#.#....#
#..##...#o... #.
.......##. #. #..###..
.. .. #..


You could see Edmund, a jelly, an orc priest, a dart slug, an orc and a quokka.

Vanquished Creatures
  An orc priest (D:3)
  An orc wizard (D:4)
  5 adders (D:2)
  3 gnolls (D:3)
  A worm (D:3)
  5 orcs
  5 endoplasms
  A giant cockroach (D:1)
  4 goblins
  5 hobgoblins
  2 kobolds
  4 quokkas
  5 ball pythons
  3 bats
  6 frilled lizards
  3 rats
54 creatures vanquished.

Notes
Turn   | Place    | Note
-------+----------+-------------------------------------------
     0 | Abyss:1  | wingedge the Demonspawn Abyssal Knight began the quest for
                  | the Orb.
     0 | Abyss:1  | Reached XP level 1. HP: 18/18 MP: 2/2
    35 | Abyss:1  | Noticed a large abomination
    36 | D:1      | Escaped the Abyss
   116 | D:1      | Reached skill level 1 in Dodging
   293 | D:1      | Gained mutation: You regenerate magic rapidly. [demonic
                  | ancestry]
   293 | D:1      | Reached XP level 2. HP: 24/24 MP: 4/4
  1209 | D:2      | Gained mutation: Your touch may inflict minor irresistible
                  | damage on your foes. [demonic ancestry]
  1209 | D:2      | Reached XP level 3. HP: 29/29 MP: 5/5
  1690 | D:2      | Found a blossoming altar of Fedhas.
  1695 | D:2      | You fall into a shaft and drop 1 floor!
  1704 | D:3      | Gained mutation: You have an unusually large brain. (Int
                  | +2) [demonic ancestry]
  1704 | D:3      | Reached XP level 4. HP: 37/37 MP: 6/6
  2094 | D:2      | Found a faded altar of an unknown god.
  2157 | D:2      | Reached skill level 4 in Fighting
  3308 | D:3      | Found a snail-covered altar of Cheibriados.
  3353 | D:3      | Gained mutation: You may rarely emit foul miasma when
                  | damaged in melee. [demonic ancestry]
  3353 | D:3      | Reached XP level 5. HP: 43/43 MP: 7/7
  3702 | D:4      | Found a burning altar of Makhleb.
  3762 | D:4      | Found a staircase to the Ecumenical Temple.
  3765 | D:4      | Noticed Edmund
  3775 | D:4      | HP: 1/38 [Edmund/+5 flail of draining (11)]
  3775 | D:4      | Slain by Edmund

Illustrated notes

Levels and vault maps discovered:
D:1:      amcnicky_arrival_choice, layout_basic
D:2:      layout_loops_ring, basic_altar, chequers_ecumenical_altar_grove
D:3:      layout_loops_ring, gammafunk_temple_overflow_wave,
          minmay_misc_feat_rows, minmay_misc_feat_room
D:4:      layout_loops_ring, overflow_temple_1_default,
          minmay_temple_entry_mini_moons, grunt_ministairs_4,
          uniq_crazy_yiuf_cottage, uniq_edmund

Skill      XL: |  1  2  3  4 |
---------------+-------------+-----
Dodging        | 1 |  1.0
Polearms       | 2 3 |  3.6
Armour         | 2 |  2.0
Invocations    | 3 |  3.0
Fighting       | 4 |  4.6

Action                   |  1- 3 |  4- 6 || total
-------------------------+-------+-------++-------
Melee: Spear             |   128 |   103 ||   231
       Punch             |     1 |     2 ||     3
       Touch             |     6 |    13 ||    19
Invok: Depart the Abyss  |     1 |       ||     1
       Bend Space        |       |     2 ||     2
  Use: Potion            |       |     4 ||     4
       Scroll            |       |     2 ||     2
Armor: Leather armour    |     9 |       ||     9
       Ring mail         |    28 |    25 ||    53
Dodge: Dodged            |    54 |    33 ||    87

Table legend: (Time is in decaauts)
 A = Elapsed time spent in this place.
 B = Non-inter-level travel time spent in this place.
 C = Inter-level travel time spent in this place.
 D = Time resting spent in this place.
 E = Time spent auto-exploring this place.
 F = Levels seen in this place.
 G = Mean time per level.
                   A        B        C        D        E       F      G
               +--------+--------+--------+--------+--------+-----+--------+
         Total |   3734 |   3625 |    109 |    940 |   1838 |   5 |  746.8 |
       Dungeon |   3698 |   3589 |    109 |    940 |   1838 |   4 |  924.5 |
         Abyss |     36 |     36 |      0 |      0 |      0 |   1 |   36.0 |
               +--------+--------+--------+--------+--------+-----+--------+

Top non-repeatable levels by time:
     D:2: 1626 daAuts
     D:1: 974 daAuts
     D:3: 963 daAuts
     D:4: 133 daAuts
 Abyss:1: 36 daAuts
